 Dungeon Crawl Stone Soup version 0.18.1-50-g88ac8fd (webtiles) character file.

12204 KarmaPolice the Covert (level 11, -2/47 HPs)
             Began as a Vine Stalker Enchanter on Sept 24, 2016.
             Was an Elder of Dithmenos.
             Slain by an unseen horror (3 damage)
             ... on level 12 of the Dungeon.
             The game lasted 01:09:07 (12759 turns).

KarmaPolice the Covert (Vine Stalker Enchanter)    Turns: 12759, Time: 01:09:08

Health: -2/47      AC:  4    Str: 11    XL:     11   Next: 89%
Magic:  0/25       EV: 12    Int: 17    God:    Dithmenos [****..]
Gold:   250        SH:  0    Dex: 19    Spells: 6 memorised, 15 levels left

rFire  . . .     SeeInvis .     j - +3 dagger (venom)
rCold  . . .     Gourm    .     b - +1 robe
rNeg   . . .     Faith    .     (no shield)
rPois  +         Spirit   +     (helmet restricted)
rElec  .         Dismiss  .     (no cloak)
rCorr  .         Reflect  .     (no gloves)
SustAt .         Harm     .     G - +0 pair of boots
MR     +....                    (no amulet)
Stlth  +++++++...               (no ring)
                                q - +3 ring of dexterity

@: wreathed by umbra, somewhat resistant to hostile enchantments, extremely
stealthy
A: fangs 3, horns 1, blurry vision 1, poison resistance, regeneration 2, magic
shield, antimagic bite, no device heal 3, rot immunity
a: Shadow Step, Renounce Religion


You were on level 12 of the Dungeon.
You worshipped Dithmenos.
Dithmenos was greatly pleased with you.
You were not hungry.

You visited 2 branches of the dungeon, and saw 14 of its levels.

You collected 618 gold pieces.
You spent 368 gold pieces at shops.

Inventory:

Hand Weapons
 j - a +3 dagger of venom (weapon)
 l - a +2 dagger of speed
Armour
 b - a +1 robe (worn)
 G - a +0 pair of boots (worn)
Jewellery
 p - an uncursed ring of ice {unknown}
 q - a +3 ring of dexterity (left hand)
Scrolls
 e - 3 scrolls of amnesia
 g - a scroll of recharging
 h - a scroll of identify
 n - 3 scrolls of fear
 r - 4 scrolls of teleportation
 s - 2 scrolls of blinking
 y - 2 scrolls of enchant armour
 z - 4 scrolls of magic mapping
 A - 8 scrolls of remove curse
 H - a scroll of holy word
 K - a scroll of summoning
 M - a scroll of fog {unknown}
Potions
 a - a potion of cancellation {unknown}
 f - a potion of resistance
 k - 2 potions of curing
 m - a potion of beneficial mutation {unknown}
 o - a potion of berserk rage
 t - 2 potions of might {unknown}
 u - 2 potions of agility {unknown}
 v - a potion of flight {unknown}
 w - a potion of degeneration {unknown}
 B - 2 potions of lignification {unknown}
 F - 2 potions of magic {unknown}
 N - a potion of brilliance {unknown}
Books
 c - a book of Maledictions

   Spells                             Type                      Level
   a - Corona                         Hexes                        1
   b - Ensorcelled Hibernation        Hexes/Ice                    2
   c - Confuse                        Hexes                        3
   d - Tukima's Dance                 Hexes                        3
   e - Dazzling Spray                 Conjuration/Hexes            3
 x - a Fen Folio

   Spells                             Type                      Level
   a - Corpse Rot                     Necromancy                   2
   b - Stone Arrow                    Conjuration/Earth            3
   c - Leda's Liquefaction            Hexes/Earth                  4
   d - Summon Forest                  Summoning/Translocation      5
   e - Hydra Form                     Transmutation                6
   f - Summon Hydra                   Summoning                    7
 D - a book of Minor Magic

   Spells                             Type                      Level
   a - Magic Dart                     Conjuration                  1
   b - Blink                          Translocation                2
   c - Call Imp                       Summoning                    2
   d - Repel Missiles                 Charms/Air                   2
   e - Slow                           Hexes                        2
   f - Conjure Flame                  Conjuration/Fire             3
   g - Mephitic Cloud                 Conjuration/Poison/Air       3
 L - a book of Frost

   Spells                             Type                      Level
   a - Freeze                         Ice                          1
   b - Throw Frost                    Conjuration/Ice              2
   c - Ozocubu's Armour               Charms/Ice                   3
   d - Throw Icicle                   Conjuration/Ice              4
   e - Summon Ice Beast               Ice/Summoning                4
Comestibles
 d - 8 bread rations
 E - 3 beef jerkies
 I - 24 fruits
 J - 2 meat rations


   Skills:
 - Level 6.0 Short Blades
 - Level 1.5 Dodging
 - Level 10.1 Stealth
 + Level 9.4 Spellcasting
 + Level 9.4 Hexes
 - Level 7.2 Ice Magic
 + Level 2.9 Air Magic
 + Level 5.4 Invocations


You had 15 spell levels left.
You knew the following spells:

 Your Spells              Type           Power        Failure   Level  Hunger
a - Corona                Hex            #####..      1%          1    None
b - Ensorcelled Hibernat  Hex/Ice        #####.       1%          2    None
c - Confuse               Hex            #####...     1%          3    None
d - Tukima's Dance        Hex            #####...     1%          3    None
e - Repel Missiles        Chrm/Air       ##....       10%         2    None
f - Blink                 Tloc           N/A          17%         2    None


Dungeon Overview and Level Annotations

Branches:
Dungeon (13/15)            Temple (1/1) D:5            Lair (0/8) D:11
    Orc (0/2) D:12
 Vaults: D:13-14

Altars:
Ashenzari
Cheibriados
Dithmenos
Elyvilon
Fedhas
Gozag
Kikubaaqudgha
Makhleb
Nemelex Xobeh
Okawaru
Pakellas
Qazlal
Ru
Sif Muna
Trog
Vehumet
Xom
Yredelemnul
Zin
The Shining One

Shops:
D:6 ?   D:7 (   D:9 %   D:10 *   D:11 [

Annotations:
D:3 6a6kaBkacke's ghost, amateur MiFi


Innate Abilities, Weirdness & Mutations

You have razor-sharp teeth.
You heal very quickly.
When hurt, damage is shared between your health and your magic reserves.
Your bite disrupts and absorbs the magic of your enemies.
Potions and wands cannot restore your health.
You are immune to rotting.
You have a pair of small horns on your head.
Scrolls take you a little longer to read.
Your system is resistant to poisons.


Message History

A worker ant is nearby!
Something hits you.
Deactivating autopickup; reactivate with Ctrl-A.
Something hits you.
You hit something. You headbutt something. Something hits you!
An electric eel comes into view.
Something hits you! Something hits you. Something hits you!
The worker ant twitches its antennae in your direction.
There is a stone staircase leading up, spattered with blood here.
Something hits you!
* * * LOW HITPOINT WARNING * * *
You climb upwards.
An adder comes into view.
There is a stone staircase leading down here.
Something hits you!
* * * LOW HITPOINT WARNING * * *
Something hits you!
* * * LOW HITPOINT WARNING * * *
Something hits you.
You die...

.######'######### #.........####
.# #.# #######+#..... ## #.###
..........#. ## #...#
##S####....##. .# ###.####
...#....#.##.. .# #....# ###.#
#...##....# .# ####'####.>.#
#..##..#.## .#
######......#..#.#...o...##...
.###....'......+@##.#.o..#.##..#.
.....####......### .#...##....##.
.##### #......# .#..##..#.##.. .#
#......# .#?.a..##....# ##
#####+## ......##....##
###W...W...... W.##... ### .#
#..#.##


You could see an adder (sleeping).

Vanquished Creatures
  A deep elf mage (D:12)
  An ugly thing (D:11)
  A gargoyle (D:9)
  A tengu conjurer (D:12)
  A kobold demonologist (D:11)
  2 trolls (D:9)
  3 wraiths
  Eustachio (D:6)
  2 wyverns (D:10)
  6 yaks (D:13)
  A steam dragon (D:9)
  4 hippogriffs
  A vampire mosquito (D:10)
  2 wargs (D:11)
  Duvessa (D:6)
  A water moccasin (D:9)
  5 ice beasts
  A phantom (D:5)
  5 orc warriors
  2 black bears (D:6)
  A necrophage (D:11)
  5 sky beasts
  An eye of draining (D:11)
  7 centaurs
  4 ogres
  10 big kobolds
  7 giant frogs
  Dowan (D:6)
  4 scorpions
  An electric eel (D:10)
  3 wights (D:8)
  9 howler monkeys
  7 crimson imps
  A quasit (D:10)
  A giant frog zombie (D:9)
  A gnoll shaman (D:8)
  5 hounds
  17 orc wizards
  13 orc priests
  4 giant frog skeletons
  2 jellies
  3 centaur skeletons
  8 iguanas
  15 worker ants
  A killer bee zombie (D:7)
  A hound skeleton (D:6)
  2 worker ant zombies
  8 gnolls
  A howler monkey skeleton (D:6)
  11 adders
  A shadow imp (D:9)
  An ooze (D:3)
  2 adder skeletons
  3 worms
  2 dart slugs
  4 giant geckos
  47 orcs
  7 giant cockroaches
  12 goblins
  3 hobgoblins
  28 jackals
  21 kobolds
  4 quokkas
  4 ball pythons (D:3)
  9 bats
  A giant cockroach zombie (D:5)
  A giant gecko skeleton (D:5)
  5 giant newts
  6 rats
357 creatures vanquished.

Vanquished Creatures (collateral kills)
  A two-headed ogre (D:9)
  An orc warrior (D:11)
  A wight (D:8)
3 creatures vanquished.

Grand Total: 360 creatures vanquished

Notes
Turn   | Place    | Note
--------------------------------------------------------------
     0 | D:1      | KarmaPolice the Vine Stalker Enchanter began the quest for the Orb.
     0 | D:1      | Reached XP level 1. HP: 9/9 MP: 4/4
    67 | D:1      | Reached skill level 1 in Short Blades
   103 | D:1      | Reached XP level 2. HP: 13/13 MP: 4/6
   112 | D:1      | Reached skill level 4 in Stealth
   129 | D:1      | Learned a level 2 spell: Ensorcelled Hibernation
   346 | D:1      | Reached XP level 3. HP: 15/16 MP: 5/7
   960 | D:2      | Found an opulent altar of Gozag.
   961 | D:2      | Found an ancient bone altar of Kikubaaqudgha.
   963 | D:2      | Found a snail-covered altar of Cheibriados.
   963 | D:2      | Found a glowing silver altar of Zin.
  1225 | D:2      | Gained mutation: Scrolls take you a little longer to read. [potion of mutation]
  1225 | D:2      | Gained mutation: You have a pair of small horns on your head. [potion of mutation]
  1225 | D:2      | Gained mutation: Your system is resistant to poisons. [potion of mutation]
  1276 | D:2      | Reached XP level 4. HP: 14/21 MP: 1/9
  1972 | D:3      | Noticed 6a6kaBkacke's ghost (amateur MiFi)
  2190 | D:3      | Reached skill level 5 in Stealth
  2205 | D:3      | Learned a level 3 spell: Confuse
  2209 | D:3      | Learned a level 3 spell: Tukima's Dance
  2378 | D:3      | Reached XP level 5. HP: 20/24 MP: 0/10
  3105 | D:3      | Gained mutation: You heal very quickly. [Vine Stalker growth]
  3105 | D:3      | Reached XP level 6. HP: 20/28 MP: 0/12
  3749 | D:4      | Found a sacrificial altar of Ru.
  3922 | D:4      | Reached skill level 6 in Stealth
  4183 | D:4      | Reached XP level 7. HP: 32/32 MP: 12/14
  4673 | D:5      | Entered Level 5 of the Dungeon
  4709 | D:5      | Found an opulent altar of Gozag.
  4770 | D:5      | Reached skill level 1 in Ice Magic
  5074 | D:5      | Reached skill level 5 in Hexes
  5118 | D:4      | Gained mutation: You have razor-sharp teeth. [Vine Stalker growth]
  5118 | D:4      | Reached XP level 8. HP: 36/36 MP: 4/16
  5253 | D:5      | Found a staircase to the Ecumenical Temple.
  5264 | Temple   | Entered the Ecumenical Temple
  5422 | D:5      | Reached skill level 7 in Stealth
  5483 | D:5      | Reached skill level 5 in Spellcasting
  5674 | D:5      | Found a blossoming altar of Fedhas.
  6018 | D:6      | Found a bloodstained altar of Trog.
  6036 | D:6      | Noticed Duvessa
  6090 | D:5      | Reached skill level 8 in Stealth
  6247 | D:6      | Found Myulan's Magic Scroll Shop.
  6270 | D:6      | Noticed Eustachio
  6275 | D:6      | Reached XP level 9. HP: 35/39 MP: 6/18
  6591 | D:6      | Noticed Dowan
  6890 | D:6      | Killed Duvessa
  7003 | D:6      | Bought a scroll of remove curse for 33 gold pieces
  7003 | D:6      | Bought a scroll of holy word for 82 gold pieces
  7003 | D:6      | Bought a scroll of identify for 22 gold pieces
  7003 | D:6      | Bought a scroll of identify for 22 gold pieces
  7003 | D:6      | Bought a scroll of identify for 22 gold pieces
  7075 | D:6      | Reached skill level 5 in Short Blades
  7216 | D:6      | Killed Dowan
  7308 | D:6      | Killed Eustachio
  7617 | D:7      | Found Naovuhun's Antique Weapon Boutique.
  7750 | D:7      | Reached skill level 5 in Ice Magic
  7773 | D:7      | Reached skill level 9 in Stealth
  8112 | D:8      | Found a shadowy altar of Dithmenos.
  8119 | D:8      | Became a worshipper of Dithmenos the Shadowed
  8179 | D:8      | Reached XP level 10. HP: 36/44 MP: 14/21
  8181 | D:8      | Found a shadowy altar of Dithmenos.
  8433 | D:8      | Reached * piety under Dithmenos
  8555 | D:8      | Reached skill level 1 in Invocations
  9077 | D:9      | Reached ** piety under Dithmenos
  9130 | D:9      | Learned a level 2 spell: Repel Missiles
  9133 | D:9      | Learned a level 2 spell: Blink
  9143 | D:9      | Noticed a gargoyle
  9149 | D:9      | Killed a gargoyle
  9182 | D:9      | Reached skill level 10 in Stealth
  9670 | D:9      | Reached XP level 11. HP: 47/47 MP: 24/24
  9728 | D:9      | Found Puwiaw's Food Shop.
 10030 | D:10     | Entered Level 10 of the Dungeon
 10130 | D:10     | Found Somit's Assorted Antiques.
 10135 | D:10     | Bought a scroll of blinking for 187 gold pieces
 10474 | D:10     | Reached *** piety under Dithmenos
 10710 | D:11     | Found Gogabey's Armour Shop.
 11003 | D:11     | Noticed a white ugly thing
 11214 | D:11     | HP: 1/47 [white ugly thing (22)]
 11260 | D:12     | Found a labyrinth entrance.
 11370 | D:11     | Reached skill level 1 in Air Magic
 11599 | D:11     | Found a staircase to the Lair.
 11676 | D:11     | Killed a white ugly thing
 11920 | D:12     | Noticed a deep elf mage
 11931 | D:12     | Killed a deep elf mage
 12040 | D:12     | Found a white marble altar of Elyvilon.
 12383 | D:12     | Found a staircase to the Orcish Mines.
 12424 | D:12     | Reached skill level 5 in Invocations
 12618 | D:13     | Reached **** piety under Dithmenos
 12759 | D:12     | HP: 1/47 [something (5)]
 12759 | D:12     | Slain by an unseen horror

Skill      XL: |  1  2  3  4  5  6  7  8  9 10 11 |
---------------+----------------------------------+-----
Short Blades   | 1 2 3 4 5 6 |  6.0
Stealth        | 4 5 6 8 9 10 | 10.1
Spellcasting   | 3 4 5 6 8 9 |  9.4
Hexes          | 4 5 7 8 9 |  9.4
Ice Magic      | 1 3 5 6 7 |  7.2
Invocations    | 3 5 |  5.4
Air Magic      | 2 |  2.9
Dodging        | |  1.5

Action                   |  1- 3 |  4- 6 |  7- 9 | 10-12 || total
-------------------------+-------+-------+-------+-------++-------
Melee: Dagger            |    91 |   154 |   283 |   377 ||   905
       Bite              |    16 |    23 |    87 |    93 ||   219
       Headbutt          |     1 |    16 |    59 |    68 ||   144
 Cast: Corona            |     6 |       |     5 |     3 ||    14
       Ensorcelled Hiber |    12 |    25 |    67 |    62 ||   166
       Confuse           |       |     3 |    54 |    42 ||    99
       Tukima's Dance    |       |     1 |     5 |     8 ||    14
       Blink             |       |       |       |     2 ||     2
  Use: Potion            |     1 |       |       |     1 ||     2
       Scroll            |       |       |    14 |     5 ||    19
 Stab: Sleeping          |     8 |    24 |    43 |    75 ||   150
       Distracted        |     1 |     1 |     2 |     1 ||     5
       Confused          |       |     1 |    18 |    15 ||    34
  Eat: Chunk             |     2 |    11 |    16 |    13 ||    42
       Royal jelly       |       |       |     1 |     1 ||     2
Armor: Robe              |    30 |    29 |    35 |    56 ||   150
Dodge: Dodged            |    77 |    61 |   125 |   188 ||   451
